Workbook

Sheet Presentación
B2: CONSTRUCCIÓN DEL SISTEMA DE BOMBEO PARA EL CORRECTO Y ÓPTIMO FUNCIONAMIENTO DEL ALCANTARILLADO SANITARIO VEREDA SAN MARTIN, MUNICIPIO DE GACHANCIPÁ
B4: PRESUPUESTO DE OBRA
B5: ITEM | C5: ENTIDAD | D5: CUAL | E5: DESCRIPCIÓN | G5: UNIDAD | H5: CANTIDAD | I5: VALOR UNIT | J5: VALOR TOTAL
B6: 1 | C6: ICCU | D6: CONSTRUCCION 16,2 | E6: EXCAVACIONES VARIAS A MÁQUINA SIN CLASIFICAR (INCLUYE RETIRO DE SOBRANTES A UNA DISTANCIA MENOR DE 5 KM) | G6: m3 | H6: 1460 | I6: 21896 | J6: =H6*I6 -> 31968160
B7: 2 | D7: APU 2 | E7: CONCRETO REFORZADO TANQUE DE 4 X 4 X 10 CON AERO DE REFUERZO E IMPERMEABILIZACION | G7: m3 | H7: 48 | I7: =+'2. Concreto y Acero de Refuerzo'!H38 -> 2238000 | J7: =H7*I7 -> 107424000
B8: 3 | C8: ICCU | D8: CONSTRUCCION 16,8 | E8: RELLENO EN RECEBO COMÚN COMPACTADO MECÁNICAMENTE | G8: m3 | H8: 860 | I8: 108443 | J8: =H8*I8 -> 93260980
B9: 4 | D9: APU 4 | E9: TAPAS METALICAS 1.5 x 1,5 M | G9: UNIDAD | H9: 2 | I9: =+'4. Tapas Metalicas '!H38 -> 360000 | J9: =H9*I9 -> 720000
B10: 5 | D10: APU 5 | E10: CUARTO DE MAQUINAS 3 X3 M EN MANPOSTERIA | G10: UNIDAD | H10: 1 | I10: =+'5. CUARTO DE MAQUINAS MANPOSTER'!H45 -> 24220001 | J10: =H10*I10 -> 24220001
B11: 6 | D11: APU 6 | E11: BOMBAS SUMERGUIBLES AGUAS NEGRAS P: 10 HP. H: 12 m Q: 32 LPS | G11: UNIDAD | H11: 2 | I11: =+'6, BOMBAS SUMERGUIBLES'!H38 -> 30870000 | J11: =H11*I11 -> 61740000
B12: 7 | D12: APU 7 | E12: TABLERO DE MANDO Y AUTOMATIZACION | G12: UNIDAD | H12: 1 | I12: =+'7, TABLERO DE MANDO'!H38 -> 22845000 | J12: =H12*I12 -> 22845000
B13: 8 | D13: APU 8 | E13: RED ELÈCTRICA DESDE TRANSFORMADOR A TABLERO DE MANDO Y A BOMBAS | G13: UNIDAD | H13: 1 | I13: =+'8. RED ELECTRICA '!H38 -> 18650000 | J13: =H13*I13 -> 18650000
B14: 9 | D14: APU 9 | E14: KIT DE IZAJE DE BOMBAS WINCHE ELECTRICO | G14: UNIDAD | H14: 1 | I14: =+'9. KIT DE IZAJE '!H38 -> 18450000 | J14: =H14*I14 -> 18450000
B15: 10 | D15: APU 10 | E15: SISTEMA DE CRIBADO DE AGUAS NEGRAS (REJILLA DE DESBASTE) | G15: UNIDAD | H15: 1 | I15: =+'10. SISTEMA DE CRIBADO '!H38 -> 9850000 | J15: =H15*I15 -> 9850000
B16: 11 | D16: APU 11 | E16: CONEXIONADO DE REDES DE ALCANTARILLADO A POZO DE BOMBEO Y POZO DE BOMBEO A POZO INICIAL | G16: UNIDAD | H16: 1 | I16: =+'11. CONEXION DE REDES ALCT'!H38 -> 16650000 | J16: =H16*I16 -> 16650000
B17: VIGENCIA DE LA OFERTA | I17: TOTAL COSTO DITECTO | J17: =SUM(J6:J16) -> 4.0577814e+08
I18: ADM 10% | J18: =J17*10% -> 40577814
I19: IMPREVISTOS. 6% | J19: =J17*6% -> 24346688
I20: UTILIDAD. 4% | J20: =J17*4% -> 16231126
B21: CONDICIONES DE PAGO | F21: a convenir | I21: IVA SOBE U. 19% | J21: =J20*19% -> 3083913.9
B22: TIEMPO DE ENTREGA | I22: TOTAL | J22: =SUM(J17:J21) -> 4.9001768e+08
B23: OBSERVACIONES:
C26: Realizo | G26: Reviso
C27: NOMBRE: ING. MARIA ALEJANDRA QUIROGA SOSA | G27: NOMBRE: ING. HARLY JIMENDI RIOS CIFUENTES
C32: Contratista - Secretaria de Planeación y Servicios Públicos | G32: Secretaria de Planeación y Servicios Públicos

Sheet 2. Concreto y Acero de Refuerzo
C2: CONSTRUCCIÓN DEL SISTEMA DE BOMBEO PARA EL CORRECTO Y ÓPTIMO FUNCIONAMIENTO DEL ALCANTARILLADO SANITARIO VEREDA SAN MARTIN, MUNICIPIO DE GACHANCIPÁ
B3: ANALISIS DE PRECIOS UNITARIOS
B4: CODIGO: | C4: CONCRETO REFORZADO TANQUE DE 4 X 4 X 10 CON AERO DE REFUERZO E IMPERMEABILIZACION | E4: ITEM
G5: UNIDAD | H5: ML
B6: 1. EQUIPOS | E6: UNIDAD | F6: TARIFA | G6: RENDIMIENTO | H6: VALOR UNT
F7: $/Ho | G7: Un/dia | H7: $
B8: FORMALETA, VIBRADOR Y HERRAMIENTAS | E8: PSOS | F8: 120000 | G8: 1 | H8: =+F8*G8 -> 120000
H9: =+F9*G9 -> 0
G12: SUB-TOTAL | H12: =+H8+H9 -> 120000
B14: 2. TRANSPORTE | E14: UNIDAD | F14: CANTIDAD | G14: VALOR | H14: VALOR UNT
H15: $
H16: =+G16 -> 0
H17: =+F17*G17 -> 0
G20: SUB-TOTAL | H20: =+H16+H17 -> 0
B22: 3. MATERIALES | E22: UNIDAD | F22: VALOR UNT. | G22: CANTIDAD | H22: VALOR UNT
F23: $ | H23: $
B24: CONCRETOS CLASE C, f´c =4000 psi (placas) | E24: M3 | F24: 1198000 | G24: 1 | H24: =+F24*G24 -> 1198000 | K24: =+F24/2 -> 599000
B25: SUMINISTRO FIGURADO Y ARMADO DE ACERO DE REFUERZO 60000 PSI | E25: KG | F25: 796000 | G25: 1 | H25: =+F25*G25 -> 796000
B26: ADITIVO IMPERMEABILIZANTE | F26: 39000 | G26: 1 | H26: =+F26*G26 -> 39000
G28: SUB-TOTAL | H28: =+H24+H25+H26 -> 2033000
B30: 4. MANO D OBRA | D30: CANT | E30: UNIDAD | F30: T. SALARIO | G30: RENDIMIENTO | H30: VALOR UNT | L30: 3140,37,64
F31: V/R Jornal | G31: Un/dia | H31: $ | L31: =+L30*(0.2) -> #VALUE!
B32: OFICIAL | D32: 1 | E32: HC | F32: 45000 | G32: 1 | H32: =+F32*G32 -> 45000
B33: AYUDANTE | F33: 40000 | G33: 1 | H33: =+F33*G33 -> 40000
G36: SUB-TOTAL | H36: =+H32+H33 -> 85000
B38: TOTAL COSTO UNITARIO DIRECTO | H38: =+SUM(H12+H20+H28+H36) -> 2238000

Sheet 4. Tapas Metalicas 
C2: CONSTRUCCIÓN DEL SISTEMA DE BOMBEO PARA EL CORRECTO Y ÓPTIMO FUNCIONAMIENTO DEL ALCANTARILLADO SANITARIO VEREDA SAN MARTIN, MUNICIPIO DE GACHANCIPÁ
B3: ANALISIS DE PRECIOS UNITARIOS
B4: CODIGO: | C4: TAPAS METALICAS 1.5 x 1,5 M | E4: ITEM
G5: UNIDAD | H5: ML
B6: 1. EQUIPOS | E6: UNIDAD | F6: TARIFA | G6: RENDIMIENTO | H6: VALOR UNT
F7: $/Ho | G7: Un/dia | H7: $
B8: HERRAMIENTAS Y EQUIPOS | E8: PSOS | F8: 25000 | G8: 0.5 | H8: =+F8*G8 -> 12500
H9: =+F9*G9 -> 0
G12: SUB-TOTAL | H12: =+H8+H9 -> 12500
B14: 2. TRANSPORTE | E14: UNIDAD | F14: CANTIDAD | G14: VALOR | H14: VALOR UNT
H15: $
H16: =+G16 -> 0
H17: =+F17*G17 -> 0
G20: SUB-TOTAL | H20: =+H16+H17 -> 0
B22: 3. MATERIALES | E22: UNIDAD | F22: VALOR UNT. | G22: CANTIDAD | H22: VALOR UNT
F23: $ | H23: $
B24: LAMNA ALFAJOR CALIBRE INCLUYE MARCO Y CANDADO DE SEGURIDAD | E24: M3 | F24: 165000 | G24: 1 | H24: =+F24*G24 -> 165000 | K24: =+F24/2 -> 82500
B25: PERFIL 1,5"X1,5" 3/16 | F25: 68000 | G25: 1 | H25: =+F25*G25 -> 68000
B26: BISAGRA TIPO PISTON DE 2"X 1/2" | E26: UND | F26: 27250 | G26: 2 | H26: =+F26*G26 -> 54500
G28: SUB-TOTAL | H28: =+H24+H25+H26 -> 287500
B30: 4. MANO D OBRA | D30: CANT | E30: UNIDAD | F30: T. SALARIO | G30: RENDIMIENTO | H30: VALOR UNT | L30: 3140,37,64
F31: V/R Jornal | G31: Un/dia | H31: $ | L31: =+L30*(0.2) -> #VALUE!
B32: CUADRILLA TIPO A1 | D32: 1 | E32: HC | F32: 60000 | G32: 1 | H32: =+F32*G32 -> 60000
H33: =+F33*G33 -> 0
G36: SUB-TOTAL | H36: =+H32+H33 -> 60000
B38: TOTAL COSTO UNITARIO DIRECTO | H38: =+SUM(H12+H20+H28+H36) -> 360000

Sheet 5. CUARTO DE MAQUINAS MANPOSTER
C2: CONSTRUCCIÓN DEL SISTEMA DE BOMBEO PARA EL CORRECTO Y ÓPTIMO FUNCIONAMIENTO DEL ALCANTARILLADO SANITARIO VEREDA SAN MARTIN, MUNICIPIO DE GACHANCIPÁ
B3: ANALISIS DE PRECIOS UNITARIOS
B4: CODIGO: | C4: OBRAS PRELIMINARES | E4: ITEM | F4: 5
B5: CUARTO DE MAQUINAS 3 X3 M EN MANPOSTERIA | G5: UNIDAD | H5: ML
B6: 1. EQUIPOS | E6: UNIDAD | F6: TARIFA | G6: RENDIMIENTO | H6: VALOR UNT
F7: $/Ho | G7: Un/dia | H7: $
B8: HERRAMIENTA MENOR | E8: DIA | F8: 1535 | G8: 0.5 | H8: =+F8*G8 -> 767.5
H9: =+F9*G9 -> 0
G12: SUB-TOTAL | H12: =+H8+H9 -> 767.5
B14: 2. TRANSPORTE | E14: UNIDAD | F14: CANTIDAD | G14: VALOR | H14: VALOR UNT
H15: $
H16: =+G16 -> 0
H17: =+F17*G17 -> 0
G20: SUB-TOTAL | H20: =+H16+H17 -> 0
B22: 3. MATERIALES | E22: UNIDAD | F22: VALOR UNT. | G22: CANTIDAD | H22: VALOR UNT
F23: $ | H23: $
B24: MURO TOLETE COMUN 0,12M | E24: M2 | F24: 78532 | G24: 98 | H24: =+F24*G24 -> 7696136 | K24: =+F24/2 -> 39266
B25: PUERTA EN LAMINA CAL 18 INC.ANTICORROSIVO | E25: M2 | F25: 263041 | G25: 2.2 | H25: =+F25*G25 -> 578690.2
B26: CERRADURA DE ENTRADA PRINCIPAL | E26: UND | F26: 180000 | G26: 1 | H26: =+F26*G26 -> 180000
B27: MARCO PUERTA Y EMCHAPE, TABLA CHAPA X0,20 M | E27: UND | F27: 312000 | G27: 1 | H27: =+F27*G27 -> 312000
B28: VENTANA LAMINA CALIBRE 18 INC. ANTICORROSIVO | E28: M2 | F28: 180000 | G28: 1.5 | H28: =+F28*G28 -> 270000
B29: VIDRIO TRANSPARENTE 4MM | E29: M2 | F29: 54000 | G29: 2.5 | H29: =+F29*G29 -> 135000
B30: CABALLETE CUBIERTA TERMOACUSTICA | E30: ML | F30: 60000 | G30: 13 | H30: =+F30*G30 -> 780000
B31: TEJA EN LAMINA GALVANIZADA CAL 26 PINTADA | E31: M2 | F31: 55000 | G31: 11 | H31: =+F31*G31 -> 605000
A32: 27964 | B32: PAÑETE LISO MUROS 1:4, E=1,5CM | E32: M2 | F32: 28964 | G32: 98 | H32: =+F32*G32 -> 2838472
B33: VIGA DE AMARRE EN CONCRETO 3500PSI | E33: M3 | F33: 978128 | G33: 3 | H33: =+F33*G33 -> 2934384
B34: COLUMNAS 3500PSI | E34: M3 | F34: 1217678 | G34: 4.5 | H34: =+F34*G34 -> 5479551
G35: SUB-TOTAL | H35: =+H24+H25+H26+H27+H28+H29+H30+H31+H32+H33+H34 -> 21809233
B37: 4. MANO D OBRA | D37: CANT | E37: UNIDAD | F37: T. SALARIO | G37: RENDIMIENTO | H37: VALOR UNT | L37: 3140,37,64
F38: V/R Jornal | G38: Un/dia | H38: $ | L38: =+L37*(0.2) -> #VALUE!
B39: MANO DE OBRA ALBAÑILERIA AYUDANTE | E39: DIA | F39: 41500 | G39: 20 | H39: =+F39*G39 -> 830000
B40: MANO DE OBRA ALBAÑILERIA AYUDANTE | E40: DIA | F40: 41500 | G40: 20 | H40: =+F40*G40 -> 830000
B41: MANO DE OBRA ALBAÑILERIA OFICIAL | E41: DIA | F41: 50000 | G41: 15 | H41: =+F41*G41 -> 750000
G43: SUB-TOTAL | H43: =+H39+H40+H41 -> 2410000
B45: TOTAL COSTO UNITARIO DIRECTO | H45: =+SUM(H12+H20+H35+H43) -> 24220001

Sheet 6, BOMBAS SUMERGUIBLES
C2: CONSTRUCCIÓN DEL SISTEMA DE BOMBEO PARA EL CORRECTO Y ÓPTIMO FUNCIONAMIENTO DEL ALCANTARILLADO SANITARIO VEREDA SAN MARTIN, MUNICIPIO DE GACHANCIPÁ
B3: ANALISIS DE PRECIOS UNITARIOS
B4: CODIGO: | C4: OBRAS PRELIMINARES | E4: ITEM | F4: 6
B5: BOMBAS SUMERGUIBLES AGUAS NEGRAS P: 10 HP. H: 12 m Q: 32 LPS | G5: UNIDAD | H5: ML
B6: 1. EQUIPOS | E6: UNIDAD | F6: TARIFA | G6: RENDIMIENTO | H6: VALOR UNT
F7: $/Ho | G7: Un/dia | H7: $
H8: =+F8*G8 -> 0
H9: =+F9*G9 -> 0
G12: SUB-TOTAL | H12: =+H8+H9 -> 0
B14: 2. TRANSPORTE | E14: UNIDAD | F14: CANTIDAD | G14: VALOR | H14: VALOR UNT
H15: $
H16: =+G16 -> 0
H17: =+F17*G17 -> 0
G20: SUB-TOTAL | H20: =+H16+H17 -> 0
B22: 3. MATERIALES | E22: UNIDAD | F22: VALOR UNT. | G22: CANTIDAD | H22: VALOR UNT
F23: $ | H23: $
B24: BOMBA H,P DIAMETRO DE DESCARGA 6"(INCLUYE TABLARO DE CONTROL Y ACCESORIOS PARA INSTALACION) | E24: UND | F24: 30870000 | G24: 1 | H24: =+F24*G24 -> 30870000 | K24: =+F24/2 -> 15435000
H25: =+F25*G25 -> 0
H26: =+F26*G26 -> 0
G28: SUB-TOTAL | H28: =+H24+H25+H26 -> 30870000
B30: 4. MANO D OBRA | D30: CANT | E30: UNIDAD | F30: T. SALARIO | G30: RENDIMIENTO | H30: VALOR UNT | L30: 3140,37,64
F31: V/R Jornal | G31: Un/dia | H31: $ | L31: =+L30*(0.2) -> #VALUE!
H32: =+F32*G32 -> 0
H33: =+F33*G33 -> 0
G36: SUB-TOTAL | H36: =+H32+H33 -> 0
B38: TOTAL COSTO UNITARIO DIRECTO | H38: =+SUM(H12+H20+H28+H36) -> 30870000

Sheet 7, TABLERO DE MANDO
C2: CONSTRUCCIÓN DEL SISTEMA DE BOMBEO PARA EL CORRECTO Y ÓPTIMO FUNCIONAMIENTO DEL ALCANTARILLADO SANITARIO VEREDA SAN MARTIN, MUNICIPIO DE GACHANCIPÁ
B3: ANALISIS DE PRECIOS UNITARIOS
B4: CODIGO: | C4: OBRAS PRELIMINARES | E4: ITEM | F4: 7
B5: Tablero de mando, . Y automatizaciòn | G5: UNIDAD | H5: ML
B6: 1. EQUIPOS | E6: UNIDAD | F6: TARIFA | G6: RENDIMIENTO | H6: VALOR UNT
F7: $/Ho | G7: Un/dia | H7: $
H8: =+F8*G8 -> 0
H9: =+F9*G9 -> 0
G12: SUB-TOTAL | H12: =+H8+H9 -> 0
B14: 2. TRANSPORTE | E14: UNIDAD | F14: CANTIDAD | G14: VALOR | H14: VALOR UNT
H15: $
H16: =+G16 -> 0
H17: =+F17*G17 -> 0
G20: SUB-TOTAL | H20: =+H16+H17 -> 0
B22: 3. MATERIALES | E22: UNIDAD | F22: VALOR UNT. | G22: CANTIDAD | H22: VALOR UNT
F23: $ | H23: $
B24: Tablero de mando, . Y automatizaciòn | E24: UND | F24: 22845000 | G24: 1 | H24: =+F24*G24 -> 22845000 | K24: =+F24/2 -> 11422500
H25: =+F25*G25 -> 0
H26: =+F26*G26 -> 0
G28: SUB-TOTAL | H28: =+H24+H25+H26 -> 22845000
B30: 4. MANO D OBRA | D30: CANT | E30: UNIDAD | F30: T. SALARIO | G30: RENDIMIENTO | H30: VALOR UNT | L30: 3140,37,64
F31: V/R Jornal | G31: Un/dia | H31: $ | L31: =+L30*(0.2) -> #VALUE!
H32: =+F32*G32 -> 0
H33: =+F33*G33 -> 0
G36: SUB-TOTAL | H36: =+H32+H33 -> 0
B38: TOTAL COSTO UNITARIO DIRECTO | H38: =+SUM(H12+H20+H28+H36) -> 22845000

Sheet 8. RED ELECTRICA 
C2: CONSTRUCCIÓN DEL SISTEMA DE BOMBEO PARA EL CORRECTO Y ÓPTIMO FUNCIONAMIENTO DEL ALCANTARILLADO SANITARIO VEREDA SAN MARTIN, MUNICIPIO DE GACHANCIPÁ
B3: ANALISIS DE PRECIOS UNITARIOS
B4: CODIGO: | C4: OBRAS PRELIMINARES | E4: ITEM | F4: 8
B5: Red elèctrica desde transformador a tablero de mando y a bombas | G5: UNIDAD | H5: ML
B6: 1. EQUIPOS | E6: UNIDAD | F6: TARIFA | G6: RENDIMIENTO | H6: VALOR UNT
F7: $/Ho | G7: Un/dia | H7: $
H8: =+F8*G8 -> 0
H9: =+F9*G9 -> 0
G12: SUB-TOTAL | H12: =+H8+H9 -> 0
B14: 2. TRANSPORTE | E14: UNIDAD | F14: CANTIDAD | G14: VALOR | H14: VALOR UNT
H15: $
H16: =+G16 -> 0
H17: =+F17*G17 -> 0
G20: SUB-TOTAL | H20: =+H16+H17 -> 0
B22: 3. MATERIALES | E22: UNIDAD | F22: VALOR UNT. | G22: CANTIDAD | H22: VALOR UNT
F23: $ | H23: $
B24: Red elèctrica desde transformador a tablero de mando y a bombas | E24: UND | F24: 18650000 | G24: 1 | H24: =+F24*G24 -> 18650000 | K24: =+F24/2 -> 9325000
H25: =+F25*G25 -> 0
H26: =+F26*G26 -> 0
G28: SUB-TOTAL | H28: =+H24+H25+H26 -> 18650000
B30: 4. MANO D OBRA | D30: CANT | E30: UNIDAD | F30: T. SALARIO | G30: RENDIMIENTO | H30: VALOR UNT | L30: 3140,37,64
F31: V/R Jornal | G31: Un/dia | H31: $ | L31: =+L30*(0.2) -> #VALUE!
H32: =+F32*G32 -> 0
H33: =+F33*G33 -> 0
G36: SUB-TOTAL | H36: =+H32+H33 -> 0
B38: TOTAL COSTO UNITARIO DIRECTO | H38: =+SUM(H12+H20+H28+H36) -> 18650000

Sheet 9. KIT DE IZAJE 
C2: CONSTRUCCIÓN DEL SISTEMA DE BOMBEO PARA EL CORRECTO Y ÓPTIMO FUNCIONAMIENTO DEL ALCANTARILLADO SANITARIO VEREDA SAN MARTIN, MUNICIPIO DE GACHANCIPÁ
B3: ANALISIS DE PRECIOS UNITARIOS
B4: CODIGO: | C4: OBRAS PRELIMINARES | E4: ITEM | F4: 9
B5: Kit de izaje de bombas WINCHE ELECTRICO | G5: UNIDAD | H5: ML
B6: 1. EQUIPOS | E6: UNIDAD | F6: TARIFA | G6: RENDIMIENTO | H6: VALOR UNT
F7: $/Ho | G7: Un/dia | H7: $
H8: =+F8*G8 -> 0
H9: =+F9*G9 -> 0
G12: SUB-TOTAL | H12: =+H8+H9 -> 0
B14: 2. TRANSPORTE | E14: UNIDAD | F14: CANTIDAD | G14: VALOR | H14: VALOR UNT
H15: $
H16: =+G16 -> 0
H17: =+F17*G17 -> 0
G20: SUB-TOTAL | H20: =+H16+H17 -> 0
B22: 3. MATERIALES | E22: UNIDAD | F22: VALOR UNT. | G22: CANTIDAD | H22: VALOR UNT
F23: $ | H23: $
B24: Kit de izaje de bombas WINCHE ELECTRICO | E24: UND | F24: 18450000 | G24: 1 | H24: =+F24*G24 -> 18450000 | K24: =+F24/2 -> 9225000
H25: =+F25*G25 -> 0
H26: =+F26*G26 -> 0
G28: SUB-TOTAL | H28: =+H24+H25+H26 -> 18450000
B30: 4. MANO D OBRA | D30: CANT | E30: UNIDAD | F30: T. SALARIO | G30: RENDIMIENTO | H30: VALOR UNT | L30: 3140,37,64
F31: V/R Jornal | G31: Un/dia | H31: $ | L31: =+L30*(0.2) -> #VALUE!
H32: =+F32*G32 -> 0
H33: =+F33*G33 -> 0
G36: SUB-TOTAL | H36: =+H32+H33 -> 0
B38: TOTAL COSTO UNITARIO DIRECTO | H38: =+SUM(H12+H20+H28+H36) -> 18450000

Sheet 10. SISTEMA DE CRIBADO 
C2: CONSTRUCCIÓN DEL SISTEMA DE BOMBEO PARA EL CORRECTO Y ÓPTIMO FUNCIONAMIENTO DEL ALCANTARILLADO SANITARIO VEREDA SAN MARTIN, MUNICIPIO DE GACHANCIPÁ
B3: ANALISIS DE PRECIOS UNITARIOS
B4: CODIGO: | C4: OBRAS PRELIMINARES | E4: ITEM | F4: 10
B5: Sistema de cribado de aguas negras (rejilla de desbaste) | G5: UNIDAD | H5: ML
B6: 1. EQUIPOS | E6: UNIDAD | F6: TARIFA | G6: RENDIMIENTO | H6: VALOR UNT
F7: $/Ho | G7: Un/dia | H7: $
H8: =+F8*G8 -> 0
H9: =+F9*G9 -> 0
G12: SUB-TOTAL | H12: =+H8+H9 -> 0
B14: 2. TRANSPORTE | E14: UNIDAD | F14: CANTIDAD | G14: VALOR | H14: VALOR UNT
H15: $
H16: =+G16 -> 0
H17: =+F17*G17 -> 0
G20: SUB-TOTAL | H20: =+H16+H17 -> 0
B22: 3. MATERIALES | E22: UNIDAD | F22: VALOR UNT. | G22: CANTIDAD | H22: VALOR UNT
F23: $ | H23: $
B24: Sistema de cribado de aguas negras (rejilla de desbaste) | E24: UND | F24: 9850000 | G24: 1 | H24: =+F24*G24 -> 9850000 | K24: =+F24/2 -> 4925000
H25: =+F25*G25 -> 0
H26: =+F26*G26 -> 0
G28: SUB-TOTAL | H28: =+H24+H25+H26 -> 9850000
B30: 4. MANO D OBRA | D30: CANT | E30: UNIDAD | F30: T. SALARIO | G30: RENDIMIENTO | H30: VALOR UNT | L30: 3140,37,64
F31: V/R Jornal | G31: Un/dia | H31: $ | L31: =+L30*(0.2) -> #VALUE!
H32: =+F32*G32 -> 0
H33: =+F33*G33 -> 0
G36: SUB-TOTAL | H36: =+H32+H33 -> 0
B38: TOTAL COSTO UNITARIO DIRECTO | H38: =+SUM(H12+H20+H28+H36) -> 9850000

Sheet 11. CONEXION DE REDES ALCT
C2: CONSTRUCCIÓN DEL SISTEMA DE BOMBEO PARA EL CORRECTO Y ÓPTIMO FUNCIONAMIENTO DEL ALCANTARILLADO SANITARIO VEREDA SAN MARTIN, MUNICIPIO DE GACHANCIPÁ
B3: ANALISIS DE PRECIOS UNITARIOS
B4: CODIGO: | C4: OBRAS PRELIMINARES | E4: ITEM | F4: 11
B5: CONEXIÓN DE REDES ALCANTARILLADO | G5: UNIDAD | H5: ML
B6: 1. EQUIPOS | E6: UNIDAD | F6: TARIFA | G6: RENDIMIENTO | H6: VALOR UNT
F7: $/Ho | G7: Un/dia | H7: $
H8: =+F8*G8 -> 0
H9: =+F9*G9 -> 0
G12: SUB-TOTAL | H12: =+H8+H9 -> 0
B14: 2. TRANSPORTE | E14: UNIDAD | F14: CANTIDAD | G14: VALOR | H14: VALOR UNT
H15: $
H16: =+G16 -> 0
H17: =+F17*G17 -> 0
G20: SUB-TOTAL | H20: =+H16+H17 -> 0
B22: 3. MATERIALES | E22: UNIDAD | F22: VALOR UNT. | G22: CANTIDAD | H22: VALOR UNT
F23: $ | H23: $
B24: Conexionado de redes de alcantarillado a pozo de bombeo. Y pozo de bombeo a pozo inicial | E24: UND | F24: 16650000 | G24: 1 | H24: =+F24*G24 -> 16650000 | K24: =+F24/2 -> 8325000
H25: =+F25*G25 -> 0
H26: =+F26*G26 -> 0
G28: SUB-TOTAL | H28: =+H24+H25+H26 -> 16650000
B30: 4. MANO D OBRA | D30: CANT | E30: UNIDAD | F30: T. SALARIO | G30: RENDIMIENTO | H30: VALOR UNT | L30: 3140,37,64
F31: V/R Jornal | G31: Un/dia | H31: $ | L31: =+L30*(0.2) -> #VALUE!
H32: =+F32*G32 -> 0
H33: =+F33*G33 -> 0
G36: SUB-TOTAL | H36: =+H32+H33 -> 0
B38: TOTAL COSTO UNITARIO DIRECTO | H38: =+SUM(H12+H20+H28+H36) -> 16650000
